 Dungeon Sprint DCSS version 0.21-a0-278-ga722497 (webtiles) character file.

39522 potatolord6000 the Warrior (level 13, -19/138 HPs)
             Began as a Minotaur Fighter on Sept 22, 2017.
             Was the Champion of Okawaru.
             Demolished by a stone giant simulacrum (29 damage)
             ... animated by a necromancer
             ... in the Dungeon (Sprint IX: "|||||||||||||||||||||||||||||").
             The game lasted 00:15:02 (4162 turns).

potatolord6000 the Warrior (Minotaur Fighter)       Turns: 4162, Time: 00:15:04

Health: -19/138    AC: 27    Str: 32    XL:     13   Next: 69%
Magic:  23/24      EV: 21    Int:  1    God:    Okawaru [******]
Gold:   1943       SH:  0    Dex: 10    Spells: 12/12 levels left

rFire    . . .     SeeInvis .   w - +9 quarterstaff (protect)
rCold    . . .     Gourm    .   (shield currently unavailable)
rNeg     . . .     Faith    .   p - +3 scale mail of Coqaxzado {+Inv Regen+ Int-4 Stlth+}
rPois    .         Spirit   .   d - +0 hat {MR+}
rElec    .         Reflect  .   m - scarf {repulsion}
rCorr    .         Harm     .   j - +1 pair of gloves
MR       +....     NoTele   +   e - +0 pair of boots
Stlth    ++........             (no amulet)
HPRegen  0.73/turn              b - +3 ring of strength
MPRegen  0.19/turn              c - +3 ring of strength

@: heroism, protection aura, slowed, lost intelligence, repel missiles, very
slow
A: retaliatory headbutt, horns 2
a: Heroism, Finesse, Renounce Religion, Evoke Invisibility


You were in the Dungeon.
You worshipped Okawaru.
Okawaru was exalted by your worship.
You were not hungry.

You visited 1 branch You collected 1943 gold pieces.

Inventory:

Hand Weapons
 w - a +9 quarterstaff of protection (weapon)
Armour
 d - a +0 hat of magic resistance (worn)
 e - a +0 pair of boots (worn)
 j - a +1 pair of gloves (worn)
 m - a scarf of repulsion (worn)
 p - the +3 scale mail of Coqaxzado (worn) {+Inv Regen+ Int-4 Stlth+}
   (You found it in the Dungeon)

   It affects your intelligence (-4).
   It lets you turn invisible.
   It increases your rate of regeneration.
   It makes you more stealthy.
Jewellery
 b - a +3 ring of strength (left hand)
 c - a +3 ring of strength (right hand)
Wands
 a - a wand of enslavement (10/24)
Scrolls
 h - 7 scrolls of remove curse
 l - 2 scrolls of amnesia
 s - 2 scrolls of fog
 t - a scroll of fear
 u - 2 scrolls of identify
Potions
 i - 4 potions of magic
 o - 2 potions of brilliance
Comestibles
 f - 40 fruits
 g - 12 bread rations
 q - 10 meat rations


   Skills:
 + Level 19.4(24.4) Fighting
   Level 6.0(11.0) Axes
 + Level 18.6(23.6) Staves
 + Level 19.3(24.3) Armour
 + Level 17.3(22.3) Dodging
   Level 6.5(11.5) Shields
 + Level 16.0 Invocations


You had 12 spell levels left.
You didn't know any spells.

Dungeon Overview and Level Annotations

Branches:
Dungeon (1/1)

Altars:
Cheibriados
Dithmenos
Elyvilon
Fedhas
Gozag
Hepliaklqana
Kikubaaqudgha
Makhleb
Nemelex Xobeh
Okawaru
Qazlal
Ru
Sif Muna
Trog
Uskayaw
Vehumet
Wu Jian
Xom
Yredelemnul
Zin
The Shining One
Beogh
Jiyva
Lugonu

Shops:
D (:((


Innate Abilities, Weirdness & Mutations

You reflexively headbutt those who attack you in melee.
You have a pair of horns on your head.


Message History

A fire giant comes into view.
It is wielding a great sword of flaming.
Unknown command.
You sock the cyan very ugly thing!
Your headbutt misses the cyan very ugly thing.
The cyan very ugly thing is lightly wounded.
The cyan very ugly thing barely misses you.
The stone giant simulacrum hits you but does no damage.
Unknown command.
You hit the cyan very ugly thing but do no damage.
The cyan very ugly thing is lightly wounded.
The cyan very ugly thing closely misses you.
The stone giant simulacrum barely misses you.
Unknown command.
You sock the cyan very ugly thing! You headbutt the cyan very ugly thing.
The cyan very ugly thing is moderately wounded.
The cyan very ugly thing completely misses you.
The stone giant simulacrum hits you!
* * * LOW HITPOINT WARNING * * *
The stone giant simulacrum freezes you!!
You die...

.▓.▓.▓.▓.▓.▓.▓.▓.▓
.▓.▓.▓.▓)▓.▓.▓.▓.▓
÷▓.▓)▓.▓)▓.▓.▓.▓C▓
=▓.▓.▓.▓)▓.▓.▓.▓C▓
.▓.▓)▓.▓)▓.▓)▓.▓y▓
.▓.▓)▓.▓)▓.▓)▓.▓D▓
.▓.▓)▓.▓)▓.▓)▓.▓(▓
.▓.▓)▓.▓)▓.▓.▓.▓u▓
.▓.▓)▓.▓)▓.▓'▓.▓@▓
.▓.▓)▓.▓.▓.▓[▓.▓Z▓
)▓.▓)▓.▓=▓.▓.▓.▓.▓
.▓.▓.▓.▓=▓.▓.▓.▓.▓
.▓.▓.▓.▓=▓.▓.▓.▓.▓
.▓.▓.▓.▓.▓.▓.▓.▓.▓
.▓.▓.▓.▓'▓.▓÷▓.▓.▓
.▓.▓.▓.▓.▓.▓.▓.▓.▓
'▓.▓.▓.▓.▓.▓.▓.▓.▓


You could see a cyan very ugly thing, a fire giant, an ice dragon, a stone
giant, a spark wasp and a stone giant simulacrum.

Vanquished Creatures
  Agnes (D)
  3 stone giants (D)
  A very ugly thing (D)
  2 ettins (D)
  A fire dragon (D)
  4 hydras (D)
  Erolcha (D)
  A spriggan air mage (D)
  An alligator snapping turtle (D)
  A naga warrior (D)
  2 alligators (D)
  A centaur warrior (D)
  A deep troll shaman (D)
  A naga sharpshooter (D)
  Urug (D)
  9 orc high priests (D)
  A shock serpent (D)
  A spriggan druid (D)
  2 sea snakes (D)
  A shambling mangrove (D)
  A swamp dragon (D)
  A harpy (D)
  An orc knight (D)
  2 wolf spiders (D)
  An orc sorcerer (D)
  2 elephants (D)
  A manticore (D)
  A naga mage (D)
  2 water nymphs (D)
  Maurice (D)
  4 black mambas (D)
  2 spiny frogs (D)
  A rime drake (D)
  2 demonic crawlers (D)
  A yaktaur (D)
  A merfolk (D)
  A wind drake (D)
  A blink frog (D)
  4 jumping spiders (D)
  2 bog bodies (D)
  2 hornets (D)
  4 hippogriffs (D)
  2 wraiths (D)
  Grum (D)
  2 yaks (D)
  2 wargs (D)
  A naga (D)
  An acid dragon (D)
  3 hell hounds (D)
  3 water moccasins (D)
  3 porcupines (D)
  A sky beast (D)
  9 orc warriors (D)
  5 wolves (D)
  A centaur (D)
  A crocodile (D)
  3 bullfrogs (D)
  A scorpion (D)
  A quasit (D)
  7 orc priests (D)
  A hound (D)
  5 orc wizards (D)
  3 worker ants (D)
  An adder zombie (D)
  A dart slug (D)
  8 orcs (D)
  A bat skeleton (D)
  2 bats (D)
  A frilled lizard (D)
  A giant cockroach zombie (D)
  A kobold (D)
  A leopard gecko zombie (D)
147 creatures vanquished.

Vanquished Creatures (others)
  A glowing orange brain (D)
1 creature vanquished.

Grand Total: 148 creatures vanquished

Notes
Turn   | Place    | Note
-------+----------+-------------------------------------------
     0 | D        | potatolord6000 the Minotaur Fighter began the quest for the Orb.
     0 | D        | Reached XP level 1. HP: 19/19 MP: 0/0
    25 | D        | Noticed a worker ant
    25 | D        | Noticed an orc wizard
    25 | D        | Noticed a worker ant
    25 | D        | Noticed a worker ant
    36 | D        | Killed a worker ant
    36 | D        | Reached skill level 5 in Fighting
    36 | D        | Reached skill level 5 in Armour
    36 | D        | Reached skill level 5 in Shields
    36 | D        | Reached XP level 2. HP: 28/29 MP: 1/1
    36 | D        | Reached XP level 3. HP: 35/36 MP: 2/2
    37 | D        | Reached skill level 5 in Axes
    38 | D        | Reached XP level 4. HP: 43/44 MP: 3/3
    49 | D        | Found a roughly hewn altar of Beogh.
    49 | D        | Found a snail-covered altar of Cheibriados.
    49 | D        | Found a shadowy altar of Dithmenos.
    49 | D        | Found a white marble altar of Elyvilon.
    49 | D        | Found a blossoming altar of Fedhas.
    49 | D        | Found an opulent altar of Gozag.
    50 | D        | Found a hazy altar of Hepliaklqana.
    51 | D        | Found a viscous altar of Jiyva.
    52 | D        | Found an ancient bone altar of Kikubaaqudgha.
    53 | D        | Found a corrupted altar of Lugonu.
    54 | D        | Found a burning altar of Makhleb.
    55 | D        | Found a sparkling altar of Nemelex Xobeh.
    56 | D        | Found an iron altar of Okawaru.
    57 | D        | Found a stormy altar of Qazlal.
    58 | D        | Found a sacrificial altar of Ru.
    59 | D        | Found a deep blue altar of Sif Muna.
    60 | D        | Found a bloodstained altar of Trog.
    61 | D        | Found a hide-covered altar of Uskayaw.
    62 | D        | Found a radiant altar of Vehumet.
    63 | D        | Found an ornate altar of the Wu Jian Council.
    64 | D        | Became a worshipper of Warmaster Okawaru
    65 | D        | Found a shimmering altar of Xom.
    66 | D        | Found a basalt altar of Yredelemnul.
    67 | D        | Found a glowing silver altar of Zin.
    68 | D        | Found a glowing golden altar of the Shining One.
    86 | D        | Got the +4 quarterstaff of the Foot {crush, Str+4}
   124 | D        | Noticed a yak
   124 | D        | Noticed a hippogriff
   124 | D        | Noticed a sky beast
   129 | D        | Reached skill level 1 in Staves
   129 | D        | Reached skill level 1 in Dodging
   129 | D        | Reached skill level 1 in Invocations
   133 | D        | Killed a sky beast
   133 | D        | Reached XP level 5. HP: 47/53 MP: 3/6
   138 | D        | Killed a hippogriff
   138 | D        | Reached * piety under Okawaru
   138 | D        | Reached skill level 5 in Staves
   138 | D        | Reached skill level 5 in Dodging
   138 | D        | Reached XP level 6. HP: 44/62 MP: 3/8
   142 | D        | Killed a yak
   142 | D        | Reached skill level 5 in Invocations
   142 | D        | Reached XP level 7. HP: 51/70 MP: 3/9
   146 | D        | Reached ** piety under Okawaru
   233 | D        | Noticed a centaur warrior
   233 | D        | Noticed a wraith
   233 | D        | Noticed a four-headed hydra
   233 | D        | Noticed a hornet
   239 | D        | Killed a four-headed hydra
   239 | D        | Reached *** piety under Okawaru
   239 | D        | Reached skill level 10 in Fighting
   239 | D        | Reached skill level 10 in Armour
   239 | D        | Reached XP level 8. HP: 34/81 MP: 10/12
   241 | D        | Killed a hornet
   251 | D        | Killed a centaur warrior
   251 | D        | Reached **** piety under Okawaru
   251 | D        | Reached skill level 10 in Staves
   251 | D        | Reached XP level 9. HP: 49/90 MP: 11/14
   549 | D        | Noticed a six-headed hydra
   550 | D        | Noticed an elephant
   551 | D        | Noticed a spiny frog
   560 | D        | Killed a six-headed hydra
   560 | D        | Reached ***** piety under Okawaru
   560 | D        | Reached skill level 10 in Dodging
   575 | D        | Killed an elephant
   575 | D        | Reached XP level 10. HP: 57/101 MP: 16/16
   577 | D        | Killed a spiny frog
   577 | D        | Reached skill level 10 in Invocations
   589 | D        | Noticed a spiny frog
   589 | D        | Noticed an elephant
   600 | D        | Killed an elephant
   603 | D        | Killed a spiny frog
   983 | D        | Reached ****** piety under Okawaru
   990 | D        | Received a gift from Okawaru
  1056 | D        | Noticed Urug
  1069 | D        | Killed Urug
  1204 | D        | Noticed Erolcha
  1209 | D        | Paralysed by Erolcha for 6 turns
  1217 | D        | Killed Erolcha
  1217 | D        | Reached XP level 11. HP: 94/111 MP: 18/18
  1340 | D        | Noticed an orc knight
  1349 | D        | Noticed an orc high priest
  1353 | D        | Noticed an orc sorcerer
  1358 | D        | Killed an orc knight
  1366 | D        | Killed an orc high priest
  1366 | D        | Reached skill level 15 in Fighting
  1366 | D        | Reached skill level 15 in Armour
  1377 | D        | Killed an orc sorcerer
  1718 | D        | Found Tyfuwyh's Weapon Boutique.
  1718 | D        | Noticed an orc high priest
  1718 | D        | Noticed an orc high priest
  1718 | D        | Noticed an orc high priest
  1726 | D        | Noticed an orc high priest
  1730 | D        | Killed an orc high priest
  1736 | D        | Found Ishraxt's Antique Weapon Shop.
  1741 | D        | Killed an orc high priest
  1742 | D        | Noticed an orc high priest
  1749 | D        | Killed an orc high priest
  1750 | D        | Found Yssipoogoa's Book Boutique.
  1755 | D        | Killed an orc high priest
  1759 | D        | Noticed an orc high priest
  1759 | D        | Found Wiyqioda's Antique Weapon Shop.
  1763 | D        | Noticed a soul eater
  1770 | D        | Killed an orc high priest
  1770 | D        | Received a gift from Okawaru
  1773 | D        | Noticed an orc high priest
  1774 | D        | Noticed an orc high priest
  1774 | D        | HP: 5/114 [orc high priest/divine providence (12)]
  1784 | D        | Killed an orc high priest
  1790 | D        | Killed an orc high priest
  1790 | D        | Reached skill level 15 in Staves
  1795 | D        | Killed an orc high priest
  1796 | D        | Reached XP level 12. HP: 16/122 MP: 17/20
  1832 | D        | Got a slimy glaive {god gift}
  1833 | D        | Identified the +2 glaive of Understanding {chop, *Noise +Blink MR+ Stlth+} (Okawaru gifted it to you in the Dungeon)
  2196 | D        | Noticed Grum
  2203 | D        | Killed Grum
  2282 | D        | Got the +3 scale mail of Coqaxzado {+Inv Regen+ Int-4 Stlth+}
  2325 | D        | Noticed an ettin
  2329 | D        | Noticed a stone giant
  2340 | D        | Killed an ettin
  2340 | D        | Received a gift from Okawaru
  2344 | D        | Noticed a deep troll shaman
  2344 | D        | Killed a stone giant
  2345 | D        | Noticed a fire dragon
  2350 | D        | Noticed an ettin
  2356 | D        | Killed a deep troll shaman
  2363 | D        | Killed a fire dragon
  2368 | D        | Killed an ettin
  2368 | D        | Reached skill level 15 in Dodging
  2638 | D        | Noticed a red very ugly thing
  2657 | D        | Killed a red very ugly thing
  2856 | D        | Received a gift from Okawaru
  2863 | D        | Noticed a naga warrior
  2898 | D        | Killed a naga warrior
  3076 | D        | Noticed a five-headed hydra
  3077 | D        | Noticed an alligator
  3083 | D        | Noticed an alligator
  3087 | D        | Killed a five-headed hydra
  3088 | D        | Noticed a four-headed hydra
  3096 | D        | Reached XP level 13. HP: 47/134 MP: 15/23
  3117 | D        | Reached skill level 15 in Invocations
  3367 | D        | Received a gift from Okawaru
  3835 | D        | Noticed Agnes
  3847 | D        | Killed Agnes
  4060 | D        | Noticed Maurice
  4067 | D        | Killed Maurice
  4120 | D        | Noticed a cyan very ugly thing
  4120 | D        | Noticed a stone giant
  4120 | D        | Noticed a stone giant
  4131 | D        | Lost intelligence.
  4132 | D        | Noticed a spark wasp
  4140 | D        | Killed a stone giant
  4141 | D        | Noticed a stone giant
  4158 | D        | Killed a stone giant
  4160 | D        | Noticed a fire giant
  4162 | D        | Demolished by a stone giant simulacrum

Vault maps used:
D:        linesprint

Skill      XL: |  1  2  3  4  5  6  7  8  9 10 11 12 13 |
---------------+----------------------------------------+-----
Fighting       | 5 6 7 8 9 10 11 13 14 16 18 19 | 19.4
Axes           | 4 5 6 |  6.0
Shields        | 5 6 |  6.5
Armour         | 5 6 7 8 9 10 11 13 14 16 18 19 | 19.3
Staves         | 3 5 6 8 10 11 13 15 17 18 | 18.6
Dodging        | 3 5 7 9 10 12 14 15 17 | 17.3
Invocations    | 3 4 5 7 8 9 11 13 14 16 | 16.0

Action                   |  1- 3 |  4- 6 |  7- 9 | 10-12 | 13-15 || total
-------------------------+-------+-------+-------+-------+-------++-------
Melee: War axe           |    25 |     4 |       |       |       ||    29
       Headbutt          |     3 |     7 |    11 |    82 |    36 ||   139
       Quarterstaff      |       |    17 |    38 |   293 |   148 ||   496
Invok: Heroism           |       |       |       |     3 |     3 ||     6
       Finesse           |       |       |       |     3 |     1 ||     4
  Use: Potion            |     3 |       |    11 |     5 |     2 ||    21
       Scroll            |       |       |       |     4 |     1 ||     5
  Eat: Bread ration      |       |       |       |     1 |       ||     1
       Meat ration       |       |       |       |     2 |       ||     2
Armor: Scale mail        |    11 |     1 |       |    35 |    38 ||    85
       Chain mail        |       |    11 |    26 |    29 |       ||    66
Dodge: Dodged            |     7 |    13 |    29 |   112 |   109 ||   270
Block: Shield            |    18 |     1 |       |       |       ||    19

Table legend:
 A = Spawn XP
 B = Non-spawn XP
 C = Spawn XP percentage of total XP
 D = Spawn monster count
 E = Non-spawn monster count
 F = Spawn count percentage of total count
 G = Total turns spent on level
                    A         B        C        D         E        F      G
               +---------+---------+-------+---------+---------+-------+---------
         Total |       0 |   56461 |   0.0 |       0 |     147 |   0.0 |  4162
               +---------+---------+-------+---------+---------+-------+---------
             D |       0 |   56461 |   0.0 |       0 |     147 |   0.0 |  4162
               +---------+---------+-------+---------+---------+-------+---------
